 Dungeon Crawl Stone Soup version 0.28-a0-1365-g7e0445c96d (webtiles) character file.

Game seed: 7272489233499899189

1113 Lekart the Chopper (level 8, -16/69 HPs)
             Began as a Black Draconian Chaos Knight on Dec 31, 2021.
             Was a Plaything of Xom.
             Demolished by a two-headed ogre (27 damage)
             ... on level 8 of the Dungeon.
             The game lasted 00:08:07 (5588 turns).

Lekart the Chopper (Black Draconian Chaos Knight)   Turns: 5588, Time: 00:08:07

Health: -16/69     AC:  7    Str: 12    XL:     8   Next: 12%
Magic:  0/8        EV: 13    Int: 13    God:    Xom [*.....]
Gold:   942        SH:  4    Dex: 11    Spells: 7/7 levels left

rFire   . . .      SeeInvis .   a - +0 hand axe (chaos)
rCold   . . .      Faith    .   (no shield)
rNeg    . . .      Spirit   +   (armour unavailable)
rPois   .          Reflect  .   (helmet restricted)
rElec   +          Harm     .   (no cloak)
rCorr   .          Rampage  .   f - +0 pair of gloves
Will    .....                   (no boots)
Stlth   ++........              i - amulet of guardian spirit
HPRegen 0.21/turn               (no ring)
MPRegen 0.11/turn               (no ring)

@: short of breath, attractive
A: breathe lightning, AC +6, unfitting armour, electricity resistance,
cold-blooded, large bone plates 1, clumsy 1, passive freeze, weak 1
a: Breathe Lightning, Renounce Religion


You were on level 8 of the Dungeon.
You worshipped Xom.
You were a special plaything of Xom.
You visited 1 branch of the dungeon, and saw 6 of its levels.

You collected 942 gold pieces.

Inventory:

Hand Weapons
 a - a +0 hand axe of chaos (weapon)
Armour
 f - a +0 pair of gloves (worn)
Jewellery
 i - an amulet of guardian spirit (around neck)
 k - an amulet of regeneration
Scrolls
 c - a scroll of noise {unknown}
 g - a scroll of identify {unknown}
 h - 3 scrolls of teleportation {unknown}
 j - 2 scrolls of brand weapon {unknown}
Potions
 b - 2 potions of curing
 d - 3 potions of heal wounds
 e - a potion of attraction


   Skills:
 + Level 5.6 Fighting
 + Level 6.9 Axes
 + Level 4.4 Dodging
 + Level 3.1 Stealth
 + Level 1.8 Shields


You had 7 spell levels left.
You didn't know any spells.
Your spell library contained the following spells:

 Spells                   Type           Power      Damage    Failure   Level
 Slow                     Hex            0%         N/A       30%         1
 Static Discharge         Conj/Air       0%         N/A       43%         2
 Confusing Touch          Hex            0%         N/A       67%         3
 Tukima's Dance           Hex            0%         N/A       67%         3
 Vampiric Draining        Necr           0%         2d6       67%         3
 Dispel Undead            Necr           0%         3d6       97%         4
 Passage of Golubria      Tloc           0%         N/A       97%         4
 Sticky Flame             Conj/Fire      0%         2d3       97%         4
 Yara's Violent Unravell  Hex/Tmut       0%         3d3       100%        5


Dungeon Overview and Level Annotations

Branches:
Dungeon (5/15)
 Temple: D:4-7

Altars:
Zin

Annotations:
D:3 1 runed translucent door, Lekart's ghost, amateur DrCK


Innate Abilities, Weirdness & Mutations

You can breathe wild blasts of lightning.
Your glossy black scales are hard. (AC +6)
You cannot fit into any form of body armour.
You are resistant to electric shocks. (rElec)
You are cold-blooded and may be slowed by cold attacks.
You are partially covered in large bone plates. (SH +4)
You are clumsy. (Dex -2)
A frigid envelope surrounds you and freezes all who hurt you.
You are weak. (Str -2)


Message History

You hit the howler monkey zombie. You burn the howler monkey zombie.
The howler monkey zombie is heavily damaged.
The howler monkey zombie barely misses you.
You hit the howler monkey zombie.
The howler monkey zombie convulses.
The howler monkey zombie is severely damaged.
The howler monkey zombie closely misses you.
You hit the howler monkey zombie.
The howler monkey zombie flickers and vanishes!
Deactivating autopickup; reactivate with Ctrl-A.
You tail-slap something. Something hits you but does no damage.
You completely miss something. Something hits you but does no damage.
You hit something. Lightning courses through something!!
Reactivating autopickup.
You feel a bit more experienced.
A two-headed ogre comes into view. It is wielding two +0 giant clubs.
The two-headed ogre shouts in stereo!
A two-headed ogre is nearby!
You aren't carrying any items that you can evoke.
It was a potion of attraction.
You feel attractive to monsters. "Whee!"
Your surroundings seem slightly different.
The two-headed ogre is attracted toward you.
You barely miss the two-headed ogre. The two-headed ogre barely misses you.
The two-headed ogre hits you with a +0 giant club!!
The two-headed ogre is very cold.
The two-headed ogre is lightly wounded.
Activating: Breathe Lightning (4% risk of failure)
Press: ? - help, Dir - look around, f - activate You breathe a wild blast of lightning!
You hear a mighty clap of thunder! x2
The orb of electricity explodes!
The orb of electricity engulfs the two-headed ogre!!
The two-headed ogre is severely wounded.
The orb of electricity engulfs you! You resist.
* * * LOW HITPOINT WARNING * * *
You hear a mighty clap of thunder!
You hear a bellow! x2
The two-headed ogre hits you with a +0 giant club!!
You die...
Xom snickers!

####### ...
#......#.. ..........
#..........#
#..........#
#.......§..# ##
#........O.# ..
###........@.#
............# #
##..........# #
#...§......... #
##...........##. #
##............# .. #
#.....).)...... .
######.#...)).....###
...##..##........##


You could see a two-headed ogre.

Vanquished Creatures
  Grinder (D:3)
  A gnoll sergeant (D:8)
  A water moccasin skeleton (D:4)
  4 killer bees (D:8)
  4 centaur zombies (D:8)
  2 jellies
  Jessica (D:2)
  Natasha (thrice) (D:2 D:1)
  A howler monkey zombie (D:8)
  4 gnolls
  3 adders
  An adder skeleton (D:4)
  4 worms
  4 dart slugs
  6 orcs
  6 endoplasms
  A giant cockroach (D:4)
  12 hobgoblins
  8 kobolds
  5 quokkas
  7 ball pythons
  11 bats
  4 frilled lizards
  5 goblins
  5 rats
104 creatures vanquished.

Vanquished Creatures (collateral kills)
  Sigmund (D:2)
  A kobold (D:2)
2 creatures vanquished.

Grand Total: 106 creatures vanquished

Notes
Turn   | Place    | Note
-------+----------+-------------------------------------------
     0 | D:1      | Lekart the Draconian Chaos Knight began the quest for the
                  | Orb.
     0 | D:1      | Reached XP level 1. HP: 19/19 MP: 1/1
    17 | D:1      | XOM: silly message
   181 | D:1      | Identified a scroll of acquirement
   181 | D:1      | Acquired 692 gold pieces
   193 | D:1      | Reached XP level 2. HP: 26/26 MP: 2/2
   697 | D:1      | XOM: silly message
   839 | D:1      | Reached XP level 3. HP: 32/33 MP: 3/3
   861 | D:1      | XOM: silly message
  1934 | D:2      | Noticed Natasha
  1938 | D:2      | XOM: summons friendly shadow imp
  1943 | D:2      | Killed Natasha
  1944 | D:2      | Reached skill level 4 in Axes
  1944 | D:2      | Reached XP level 4. HP: 33/40 MP: 4/4
  1947 | D:2      | Gained mutation: You are partially covered in large bone
                  | plates. (SH +4) [potion of mutation]
  1985 | D:2      | Noticed Sigmund
  2000 | D:2      | Killed Sigmund
  2001 | D:2      | Reached skill level 5 in Axes
  2001 | D:2      | Reached skill level 1 in Stealth
  2001 | D:2      | Reached XP level 5. HP: 30/47 MP: 5/5
  2114 | D:2      | XOM: stat loss: -1 Dex (12/13)
  2184 | D:2      | Found a faded altar of an unknown god.
  2184 | D:2      | Noticed Natasha
  2184 | D:2      | XOM: 2-stop teleportation journey
  2194 | D:2      | Killed Natasha
  2195 | D:2      | Reached XP level 6. HP: 49/53 MP: 6/6
  2242 | D:2      | Noticed Jessica
  2247 | D:2      | Killed Jessica
  2260 | D:2      | XOM: summons 4 hostile demons
  2417 | D:2      | Found a glowing silver altar of Zin.
  2656 | D:2      | XOM: god gift: 44 gold pieces
  2688 | D:2      | Noticed Natasha
  2692 | D:2      | XOM: blink monster(s)
  2694 | D:2      | XOM: repel stairs
  2813 | D:2      | XOM: smoke on damage
  2822 | D:1      | Killed Natasha
  2976 | D:1      | XOM: silly message
  3127 | D:3      | Noticed Grinder
  3133 | D:3      | XOM: confusion (+ monsters)
  3142 | D:3      | Killed Grinder
  3143 | D:3      | Reached skill level 5 in Fighting
  3143 | D:3      | Your scales start taking on a glossy black colour.
  3143 | D:3      | Reached XP level 7. HP: 48/61 MP: 7/7
  3143 | D:3      | Gained mutation: You are resistant to electric shocks.
                  | (rElec) [Black Draconian growth]
  3175 | D:3      | XOM: 2-stop teleportation journey
  3353 | D:3      | Reached skill level 1 in Shields
  3683 | D:3      | Reached skill level 6 in Axes
  3822 | D:3      | Found a runed translucent door.
  3844 | D:3      | Noticed Lekart's ghost (amateur DrCK)
  3954 | D:3      | XOM: summons 2 hostile demons
  4289 | D:4      | XOM: summons 7 friendly demons
  4856 | D:5      | XOM: noise
  4856 | D:5      | Entered Level 5 of the Dungeon
  4912 | D:5      | XOM: 2-stop teleportation journey
  4971 | D:5      | You fall into a shaft and drop 3 floors!
  5016 | D:8      | XOM: confusion
  5023 | D:8      | XOM: smoke on damage
  5267 | D:8      | XOM: give mutations
  5267 | D:8      | Gained mutation: You are weak. (Str -2) [Xom's mischief]
  5267 | D:8      | Gained mutation: You are clumsy. (Dex -2) [Xom's mischief]
  5267 | D:8      | Gained mutation: A frigid envelope surrounds you and
                  | freezes all who hurt you. [Xom's mischief]
  5459 | D:8      | Reached XP level 8. HP: 26/69 MP: 4/8
  5585 | D:8      | Noticed a two-headed ogre
  5586 | D:8      | XOM: 1-stop teleportation journey
  5588 | D:8      | Demolished by a two-headed ogre

Illustrated notes

Levels and vault maps discovered:
D:1:      erik_arrival_cave_to_civilisation [erik_arrival_cave_to_hall],
          layout_basic, serial_forest, infiniplex_forest_end_1,
          infiniplex_forest_lined_room_, infiniplex_forest_lined_ring,
          infiniplex_forest_join, infiniplex_forest_pool, st_stairs_7,
          serial_park_tiny_1
D:2:      layout_rooms, basic_altar, hellmonk_ecumenical_altar_crossroads,
          uniq_sigmund, uniq_jessica, uniq_natasha
D:3:      layout_basic, ebering_ghost_reflecting_pool, uniq_grinder
D:4:      layout_cave_pools
D:5:      layout_rooms, mainiacjoe_overflow_catwalk
D:8:      layout_rooms, serial_shops, shop_scrolls, st_stairs_1, nicolae_wwwww

Skill      XL: |  1  2  3  4  5  6  7 |
---------------+----------------------+-----
Fighting       | 4 5 |  5.6
Axes           | 4 5 6 |  6.9
Stealth        | 1 2 3 |  3.1
Dodging        | 3 4 |  4.4
Shields        | 1 |  1.8

Action                   |  1- 3 |  4- 6 |  7- 9 || total
-------------------------+-------+-------+-------++-------
Melee: Hand axe          |    86 |   106 |   175 ||   367
       Tailslap          |     3 |    10 |    21 ||    34
 Abil: Breathe Lightning |       |       |     7 ||     7
  Use: Scroll            |     1 |     1 |       ||     2
       Potion            |       |     6 |     2 ||     8
 Stab: Distracted        |       |     1 |     1 ||     2
       Confused          |       |     4 |       ||     4
       Sleeping          |       |     2 |     3 ||     5
       Paralysed         |       |       |     1 ||     1
Armor: Skin              |    36 |    58 |    57 ||   151
Dodge: Dodged            |    61 |    92 |   135 ||   288
Block: Other             |       |    21 |    35 ||    56

Table legend: (Time is in decaauts)
 A = Elapsed time spent in this place.
 B = Non-inter-level travel time spent in this place.
 C = Inter-level travel time spent in this place.
 D = Time resting spent in this place.
 E = Time spent auto-exploring this place.
 F = Levels seen in this place.
 G = Mean time per level.
                   A        B        C        D        E       F      G
               +--------+--------+--------+--------+--------+-----+--------+
         Total |   5623 |   5364 |    259 |   1179 |   3262 |   6 |  937.2 |
       Dungeon |   5623 |   5364 |    259 |   1179 |   3262 |   6 |  937.2 |
               +--------+--------+--------+--------+--------+-----+--------+

Top non-repeatable levels by time:
     D:1: 2186 daAuts
     D:3: 1120 daAuts
     D:2: 924 daAuts
     D:4: 661 daAuts
     D:8: 615 daAuts
     D:5: 114 daAuts
